 Dungeon Crawl Stone Soup version 0.22-a0-570-g58866f5d57 (webtiles) character file.

87 Kholdaimon the Charmwright (level 4, 0/57 HPs)
             Began as a Gnoll Skald on June 30, 2018.
             Slain by a jackal (1 damage)
             ... on level 2 of the Dungeon.
             The game lasted 00:06:04 (1131 turns).

Kholdaimon the Charmwright (Gnoll Skald)            Turns: 1131, Time: 00:06:04

Health: 0/57       AC: 22    Str: 13 (15) XL:     4   Next: 51%
Magic:  0/11       EV:  2    Int: 14 (15) God:
Gold:   91         SH:  0    Dex: 18 (19) Spells: 7/13 levels left

rFire    . . .     SeeInvis .   a - +0 falchion
rCold    . . .     Gourm    .   (no shield)
rNeg     + + +     Faith    .   (armour currently unavailable)
rPois    +         Spirit   .   (helmet currently unavailable)
rElec    .         Reflect  .   (cloak currently unavailable)
rCorr    .         Harm     .   (gloves currently unavailable)
MR       .....     NoTele   +   (boots currently unavailable)
Stlth    +++.......             (no amulet)
HPRegen  0.19/turn              (no ring)
MPRegen  0.12/turn              (no ring)

@: agile, lethally poisoned (0 -> -3), tree-form, shrouded, infused, very
slightly contaminated, hasted, very quick
A: distributed training, strong nose
a: no special abilities


You were on level 2 of the Dungeon.
You were not hungry.
You were a tree.
You visited 1 branch of the dungeon, and saw 2 of its levels.

You collected 91 gold pieces.

Inventory:

Hand Weapons
 a - a +0 falchion (weapon)
 l - a +0 hunting sling
Missiles
 h - 32 stones (quivered)
 n - 61 arrows
Armour
 b - a +0 leather armour (melded)
 c - a +0 helmet
 i - a +0 pair of gloves
 u - a +0 ring mail
 v - a cursed +0 shield
Jewellery
 j - an uncursed ring of protection from magic {unknown}
 p - an uncursed amulet of the gourmand {unknown}
Scrolls
 e - 5 scrolls of teleportation {unknown}
 f - 3 scrolls of remove curse {unknown}
 g - a scroll of blinking {unknown}
 k - 2 scrolls of identify {unknown}
 s - a scroll of enchant armour {unknown}
Potions
 q - a potion of lignification
 r - 2 potions of degeneration
Comestibles
 d - 3 rations
 m - 5 chunks of flesh


   Skills:
 + Level 4.6 Fighting
 + Level 1.1 Short Blades
 + Level 4.6 Long Blades
 + Level 1.1 Axes
 + Level 1.1 Maces & Flails
 + Level 1.1 Polearms
 + Level 1.1 Staves
 + Level 1.1 Slings
 + Level 1.1 Bows
 + Level 1.1 Crossbows
 + Level 1.1 Throwing
 + Level 2.7 Armour
 + Level 4.6 Dodging
 + Level 1.1 Stealth
 + Level 1.1 Shields
 + Level 1.1 Unarmed Combat
 + Level 5.1 Spellcasting
 + Level 0.9 Conjurations
 + Level 0.9 Hexes
 + Level 5.4 Charms
 + Level 0.9 Summonings
 + Level 0.9 Necromancy
 + Level 0.9 Translocations
 + Level 0.9 Transmutations
 + Level 0.9 Fire Magic
 + Level 0.9 Ice Magic
 + Level 0.9 Air Magic
 + Level 0.9 Earth Magic
 + Level 0.9 Poison Magic
 + Level 1.2 Invocations
 + Level 1.1 Evocations


You had 7 spell levels left.
You knew the following spells:

 Your Spells              Type           Power        Failure   Level  Hunger
a - Infusion              Chrm           ###.         1%          1    None
b - Shroud of Golubria    Chrm/Tloc      ##........   7%          2    ##.....
c - Regeneration          Chrm/Necr      ##........   14%         3    ###....

Your spell library contained the following spells:

 Spells                   Type           Power        Failure   Level  Hunger
 Song of Slaying          Chrm           ###.....     2%          2    ##.....
 Spectral Weapon          Hex/Chrm       ##......     14%         3    ###....


Dungeon Overview and Level Annotations

Branches:
Dungeon (2/15)

Altars:


Innate Abilities, Weirdness & Mutations

Your experience applies equally to all skills.
((You have very sharp teeth.))
Your uncanny sense of smell can sniff out nearby items.


Message History

It was a potion of agility.
You feel agile all of a sudden.
* * * LOW HITPOINT WARNING * * *
You feel sick. The adder barely misses you.
You slash the adder!
You kill the adder!
Casting: Shroud of Golubria (safe; 7% risk of failure)
Confirm with . or Enter, or press ? or * to list all spells.
You miscast Regeneration.
You are very lightly contaminated with residual magic.
Nothing appears to happen.
* * * LOW HITPOINT WARNING * * *
You feel sick.
The jackal bites you but does no damage.
Casting: Regeneration (safe; 14% risk of failure)
Confirm with . or Enter, or press ? or * to list all spells.
You miscast Regeneration.
Strange energies run through your body. The jackal barely misses you.
You hit the jackal but do no damage. The jackal bites you.
You die...

.# .# .#
.## ..
h######
##+#h......
#..♣# #(..#
# #...# #
#...# #
#...# #
#...##### +
#.......# #
#....##.# #
##'#.# #


You could see 2 jackals.

Vanquished Creatures
  5 adders (D:2)
  A worm (D:2)
  A leopard gecko (D:1)
  2 giant cockroaches
  A goblin (D:2)
  8 hobgoblins
  2 jackals (D:2)
  A quokka (D:2)
  5 bats (D:1)
  3 frilled lizards (D:1)
  6 kobolds
  3 rats
38 creatures vanquished.

Notes
Turn   | Place    | Note
-------+----------+-------------------------------------------
     0 | D:1      | Kholdaimon the Gnoll Skald began the quest for the Orb.
     0 | D:1      | Reached XP level 1. HP: 20/20 MP: 6/6
   278 | D:1      | Reached XP level 2. HP: 21/26 MP: 7/7
   833 | D:2      | Reached XP level 3. HP: 24/31 MP: 9/9
   880 | D:2      | Reached skill level 5 in Spellcasting
   884 | D:2      | Learned a level 2 spell: Shroud of Golubria
   888 | D:2      | Learned a level 3 spell: Regeneration
   961 | D:2      | Reached skill level 1 in Invocations
  1058 | D:2      | Reached skill level 1 in Short Blades
  1058 | D:2      | Reached skill level 1 in Axes
  1058 | D:2      | Reached skill level 1 in Maces & Flails
  1058 | D:2      | Reached skill level 1 in Polearms
  1058 | D:2      | Reached skill level 1 in Staves
  1058 | D:2      | Reached skill level 1 in Slings
  1058 | D:2      | Reached skill level 1 in Bows
  1058 | D:2      | Reached skill level 1 in Crossbows
  1058 | D:2      | Reached skill level 1 in Throwing
  1058 | D:2      | Reached skill level 1 in Stealth
  1058 | D:2      | Reached skill level 1 in Shields
  1058 | D:2      | Reached skill level 1 in Unarmed Combat
  1058 | D:2      | Reached skill level 1 in Evocations
  1058 | D:2      | Reached XP level 4. HP: 33/38 MP: 11/11
  1127 | D:2      | HP: 2/57 [poisoned by an adder]
  1131 | D:2      | Slain by a jackal

Vault maps used:
D:1:      moated_graveyard_arrival, st_stairs_8
D:2:      dk_vineyard_2, uniq_crazy_yiuf_cottage

Skill      XL: |  1  2  3 |
---------------+----------+-----
Spellcasting   | 5 |  5.1
Invocations    | 1 |  1.2
Short Blades   | 1 |  1.1
Axes           | 1 |  1.1
Maces & Flails | 1 |  1.1
Polearms       | 1 |  1.1
Staves         | 1 |  1.1
Slings         | 1 |  1.1
Bows           | 1 |  1.1
Crossbows      | 1 |  1.1
Throwing       | 1 |  1.1
Stealth        | 1 |  1.1
Shields        | 1 |  1.1
Unarmed Combat | 1 |  1.1
Evocations     | 1 |  1.1
Fighting       | |  4.6
Long Blades    | |  4.6
Armour         | |  2.7
Dodging        | |  4.6
Conjurations   | |  0.9
Hexes          | |  0.9
Charms         | |  5.4
Summonings     | |  0.9
Necromancy     | |  0.9
Translocations | |  0.9
Transmutations | |  0.9
Fire Magic     | |  0.9
Ice Magic      | |  0.9
Air Magic      | |  0.9
Earth Magic    | |  0.9
Poison Magic   | |  0.9

Action                   |  1- 3 |  4- 6 || total
-------------------------+-------+-------++-------
Melee: Falchion          |    93 |    37 ||   130
       Bite              |    17 |     7 ||    24
Throw: Stone             |    14 |     1 ||    15
 Cast: Regeneration      |     2 |       ||     2
       Infusion          |     1 |     1 ||     2
       Shroud of Golubri |       |     2 ||     2
  Use: Potion            |       |     4 ||     4
  Eat: Chunk             |     1 |       ||     1
Armor: Leather armour    |    20 |     7 ||    27
       Skin              |       |     4 ||     4
Dodge: Dodged            |    73 |    27 ||   100
       Rpst.: Falchion   |    26 |    10 ||    36

Table legend:
 A = Spawn XP
 B = Non-spawn XP
 C = Spawn XP percentage of total XP
 D = Spawn monster count
 E = Non-spawn monster count
 F = Spawn count percentage of total count
 G = Total turns spent on level
                    A         B        C        D         E        F      G
               +---------+---------+-------+---------+---------+-------+---------
         Total |       0 |     125 |   0.0 |       0 |      38 |   0.0 |  1131
               +---------+---------+-------+---------+---------+-------+---------
           D:1 |       0 |      29 |   0.0 |       0 |      19 |   0.0 |   737
           D:2 |       0 |      96 |   0.0 |       0 |      19 |   0.0 |   394
               +---------+---------+-------+---------+---------+-------+---------
